 Dungeon Crawl Stone Soup version 0.19-a0-1827-g174f941 (webtiles) character file.

844 4thArraOfDagon the Ruffian (level 7, -1/59 HPs)
             Began as a Troll Necromancer on Oct 7, 2016.
             Was a Follower of Kikubaaqudgha.
             Slain by a bullfrog (4 damage)
             ... on level 7 of the Dungeon.
             The game lasted 00:07:43 (1569 turns).

4thArraOfDagon the Ruffian (Troll Necromancer)      Turns: 1569, Time: 00:07:44

Health: -1/59      AC:  5    Str: 17    XL:     7   Next: 68%
Magic:  0/8        EV: 10    Int: 13    God:    Kikubaaqudgha [*.....]
Gold:   205        SH:  0    Dex: 10    Spells: 2 memorised, 4 levels left

rFire  . . .     SeeInvis .       - Unarmed
rCold  . . .     Gourm    +     a - +0 robe
rNeg   . . .     Faith    .     (no shield)
rPois  .         Spirit   +     (helmet restricted)
rElec  .         Dismiss  .     (no cloak)
rCorr  .         Reflect  .     (gloves unavailable)
MR     .....     Harm     .     (boots unavailable)
Stlth  +.........               h - amulet of guardian spirit
                                (no ring)
                                (no ring)

@: no status effects
A: unfitting armour, claws 3, fast metabolism 3, gourmand, regeneration 1,
shaggy fur 1, tough skin 2
a: Receive Corpses, Renounce Religion


You were on level 7 of the Dungeon.
You worshipped Kikubaaqudgha.
Kikubaaqudgha was aware of your devotion.
You were very full.

You visited 1 branch of the dungeon, and saw 7 of its levels.

You collected 205 gold pieces.

Inventory:

Missiles
 k - 8 poisoned javelins (quivered)
Armour
 a - a +0 robe (worn)
Jewellery
 h - an amulet of guardian spirit (around neck)
 o - an uncursed ring of fire
Scrolls
 d - 3 scrolls of random uselessness {unknown}
 e - a scroll of enchant weapon {unknown}
 j - a scroll of magic mapping {unknown}
 n - 2 scrolls of amnesia
 q - a scroll of fear {unknown}
 r - a scroll of teleportation {unknown}
 s - a scroll of identify {unknown}
 t - a scroll of remove curse {unknown}
Potions
 f - 2 potions of degeneration {unknown}
 i - a potion of might {unknown}
 l - 2 potions of haste {unknown}
 m - a potion of agility {unknown}
 p - a potion of curing
Books
 b - a book of Necromancy

   Spells                             Type                      Level
   a - Pain                           Necromancy                   1
   b - Animate Skeleton               Necromancy                   1
   c - Vampiric Draining              Necromancy                   3
   d - Regeneration                   Charms/Necromancy            3
   e - Animate Dead                   Necromancy                   4
   f - Control Undead                 Necromancy                   4
Comestibles
 c - 3 bread rations
 g - 2 meat rations


   Skills:
 - Level 1.5 Dodging
 - Level 1.0 Stealth
 * Level 6.1 Unarmed Combat
 + Level 1.9 Spellcasting
 * Level 2.4 Charms
 * Level 4.5 Necromancy


You had 4 spell levels left.
You knew the following spells:

 Your Spells              Type           Power        Failure   Level  Hunger
b - Regeneration          Chrm/Necr      ##........   17%         3    ####...
c - Sublimation of Blood  Necr           ##........   8%          2    ###....


Dungeon Overview and Level Annotations

Branches:
Dungeon (7/15)             Temple (0/1) D:4

Altars:
Ashenzari
Dithmenos
Kikubaaqudgha
Ru

Annotations:
D:4 benitares's ghost, amateur TrMo


Innate Abilities, Weirdness & Mutations

You are too large for most types of armour.
You have claws for hands.
Your metabolism is lightning-fast.
You like to eat raw meat.
Your natural rate of healing is unusually fast.
You are covered in fur. (AC +1)
You have very tough skin. (AC +2)


Message History

The bullfrog is almost dead.
Your skin stops crawling.
The bullfrog hits you.
Unknown command.
You closely miss the bullfrog.
The bullfrog is almost dead.
The bullfrog closely misses you. The ice beast hits you.
The ice beast freezes you!
* * * LOW HITPOINT WARNING * * *
Unknown command.
Unknown command.
You scratch the bullfrog.
The bullfrog is almost dead.
The bullfrog barely misses you. The ice beast hits you.
* * * LOW HITPOINT WARNING * * *
The ice beast freezes you!
* * * LOW HITPOINT WARNING * * *
The bullfrog hits you.
You die...
Kikubaaqudgha rasps: "You have failed me!
Welcome... death!"

########### #.........#
.#####.........###
........[.....@Fs### .
#...).....Y#(..####....
##....<....###.........
#.........######......
#...........# .....
#.........#... #l..
#####.......... #.
#.....##... ###........


You could see an ice beast, a bullfrog and a giant cockroach.

Vanquished Creatures
  2 centaurs
  4 bullfrogs (D:6)
  A wyvern zombie (D:7)
  A scorpion (D:6)
  A wight (D:7)
  A jelly (D:6)
  A quasit (D:5)
  A hound (D:5)
  A bullfrog skeleton (D:4)
  An iguana (D:6)
  2 worker ants (D:5)
  6 adders
  An ooze (D:4)
  2 adder skeletons
  2 worms
  A dart slug (D:2)
  A leopard gecko (D:7)
  7 orcs
  2 giant cockroaches
  A hobgoblin (D:2)
  2 quokkas
  3 bats
  4 frilled lizards
  A giant cockroach zombie (D:6)
  A goblin (D:2)
  A jackal skeleton (D:5)
  A kobold (D:3)
  A leopard gecko zombie (D:5)
  2 rats
55 creatures vanquished.

Notes
Turn   | Place    | Note
-------+----------+-------------------------------------------
     0 | D:1      | 4thArraOfDagon the Troll Necromancer began the quest for the Orb.
     0 | D:1      | Reached XP level 1. HP: 16/16 MP: 1/1
    22 | D:2      | Reached skill level 1 in Unarmed Combat
    22 | D:2      | Reached XP level 2. HP: 22/24 MP: 0/2
    51 | D:2      | Reached skill level 2 in Unarmed Combat
   183 | D:4      | Found an ancient bone altar of Kikubaaqudgha.
   218 | D:4      | Reached XP level 3. HP: 31/31 MP: 3/3
   232 | D:4      | Became a worshipper of Kikubaaqudgha
   259 | D:3      | Reached skill level 3 in Unarmed Combat
   327 | D:4      | Noticed benitares's ghost (amateur TrMo)
   488 | D:2      | Reached XP level 4. HP: 33/39 MP: 1/4
   577 | D:5      | Entered Level 5 of the Dungeon
   605 | D:5      | Reached skill level 4 in Unarmed Combat
   678 | D:4      | Reached * piety under Kikubaaqudgha
   678 | D:4      | Identified Kikubaaqudgha's Almanac of Dark Magic (Kikubaaqudgha gifted it to you on level 4 of the Dungeon)
   678 | D:4      | Received a gift from Kikubaaqudgha
   678 | D:4      | Reached XP level 5. HP: 35/45 MP: 5/5
   683 | D:4      | Learned a level 3 spell: Regeneration
   686 | D:4      | Learned a level 2 spell: Sublimation of Blood
   738 | D:4      | Found a staircase to the Ecumenical Temple.
   741 | D:5      | Found a shadowy altar of Dithmenos.
   755 | D:5      | Found a shattered altar of Ashenzari.
   955 | D:5      | Reached skill level 5 in Unarmed Combat
  1031 | D:6      | Reached skill level 1 in Charms
  1131 | D:6      | Reached XP level 6. HP: 44/53 MP: 4/7
  1174 | D:6      | Found a sacrificial altar of Ru.
  1383 | D:6      | Reached XP level 7. HP: 55/59 MP: 8/8
  1529 | D:7      | Reached skill level 6 in Unarmed Combat
  1569 | D:7      | Slain by a bullfrog

Vault maps used:
D:1:      dpeg_arrival_castle
D:4:      lemuel_doored_altar
D:5:      nicolae_ashenzari_panopticon, overflow_temple_1_default, first_bread
D:6:      nicolae_overflow_crystal_walls
D:7:      grunt_temple_overflow_open

Skill      XL: |  1  2  3  4  5  6  7 |
---------------+----------------------+-----
Unarmed Combat | 1 2 3 4 5 6 |  6.1
Charms         | 1 2 |  2.4
Necromancy     | 4 |  4.5
Dodging        | |  1.5
Stealth        | |  1.0
Spellcasting   | |  1.9

Action                   |  1- 3 |  4- 6 |  7- 9 || total
-------------------------+-------+-------+-------++-------
Melee: Unarmed           |    71 |   111 |    40 ||   222
       Punch             |     1 |       |       ||     1
 Cast: Pain              |     1 |       |     1 ||     2
       Regeneration      |       |       |     2 ||     2
  Use: Scroll            |       |       |     1 ||     1
       Potion            |       |       |     1 ||     1
 Stab: Sleeping          |     3 |     3 |       ||     6
  Eat: Chunk             |     9 |     7 |     1 ||    17
       Beef jerky        |       |     1 |       ||     1
Armor: Robe              |    36 |    35 |     7 ||    78
Dodge: Dodged            |    50 |    56 |    20 ||   126
